 Dungeon Crawl Stone Soup version 0.26.1-11-gd32895ea62 (webtiles) character file.

Game seed: 9207101474363007982

75 GenialerGandalf the Chopper (level 4, -3/40 HPs)
             Began as a Hill Orc Fighter on Apr 21, 2021.
             Slain by a gnoll
             ... wielding a +0 club
              (5 damage)
             ... on level 2 of the Dungeon on Apr 22, 2021.
             The game lasted 00:03:59 (1636 turns).

GenialerGandalf the Chopper (Hill Orc Fighter)      Turns: 1636, Time: 00:04:00

Health: -3/40      AC:  9    Str: 19    XL:     4   Next: 31%
Magic:  4/4        EV:  5    Int:  8    God:
Gold:   45         SH:  9    Dex: 10    Spells: 3/3 levels left

rFire    . . .     SeeInvis .   a - +0 war axe
rCold    . . .     Faith    .   c - +0 kite shield
rNeg     . . .     Spirit   .   g - +0 chain mail
rPois    .         Reflect  .   (no helmet)
rElec    .         Harm     .   (no cloak)
rCorr    .         Rampage  .   (no gloves)
Will     .....                  (no boots)
Stlth    ..........             (no amulet)
HPRegen  0.13/turn              (no ring)
MPRegen  0.09/turn              (no ring)

@: mighty
A: no striking features
a: no special abilities


You were on level 2 of the Dungeon.
You visited 1 branch of the dungeon, and saw 3 of its levels.

You collected 45 gold pieces.

Inventory:

Hand Weapons
 a - a +0 war axe (weapon)
Armour
 b - a +0 scale mail
 c - a +0 kite shield (worn)
 g - a +0 chain mail (worn)
Scrolls
 h - a scroll of enchant weapon {unknown}
 i - 2 scrolls of identify {unknown}
 j - a scroll of teleportation {unknown}
Potions
 d - a potion of might
 e - 2 potions of invisibility {unknown}
 f - a potion of berserk rage {unknown}


   Skills:
 + Level 4.0 Fighting
 + Level 4.3 Axes
 + Level 3.7 Armour
 + Level 0.9 Dodging
 + Level 3.7 Shields


You had 3 spell levels left.
You didn't know any spells.
Your spell library was empty.

Dungeon Overview and Level Annotations

Branches:
Dungeon (3/15)

Altars:


Message History

You hit the gnoll but do no damage. You block the gnoll's attack. x3
You feel very mighty all of a sudden. The gnoll closely misses you.
The gnoll hits you but does no damage.
You completely miss the gnoll.
The gnoll is heavily wounded.
Your chain mail prevents you from hitting the gnoll.
The gnoll barely misses you. x3
You closely miss the gnoll.
The gnoll is heavily wounded.
You hit the gnoll.
You kill the gnoll!
You block the gnoll's attack.
Your chain mail prevents you from hitting the gnoll.
The gnoll is heavily wounded.
The gnoll hits you with a +0 club.
* * * LOW HITPOINT WARNING * * *
You hit the gnoll.
The gnoll is severely wounded.
The gnoll hits you with a +0 club.
You die...

#.....#### #.#.#.##
####...#..# ..##..###.#
#.#).####.#############
#....# #......##......##
####.# #......#...>....##
.....# #.)......).......#
.....# #........@g......#
.....# #....÷......>....#
....####......÷.........#
.....>##................#
....#..................##
..g #########.#........#
.. #...........# #
#...........#
#...........#


You could see a gnoll.

Vanquished Creatures
  A gnoll (D:2)
  2 adders (D:2)
  An ooze (D:1)
  2 dart slugs
  9 goblins
  4 hobgoblins
  2 quokkas (D:2)
  A ball python (D:2)
  5 bats
  6 frilled lizards
  3 kobolds
  5 rats
41 creatures vanquished.

Notes
Turn   | Place    | Note
-------+----------+-------------------------------------------
     0 | D:1      | GenialerGandalf the Hill Orc Fighter began the quest for
                  | the Orb.
     0 | D:1      | Reached XP level 1. HP: 19/19 MP: 1/1
   192 | D:1      | Reached XP level 2. HP: 27/27 MP: 2/2
   650 | D:1      | Reached XP level 3. HP: 33/33 MP: 3/3
  1363 | D:2      | Reached XP level 4. HP: 18/40 MP: 4/4
  1635 | D:2      | HP: 1/40 [gnoll/+0 club (3)]
  1636 | D:2      | Slain by a gnoll

Illustrated notes

Levels and vault maps discovered:
D:1:      lightli_arrival_chessboard, layout_basic
D:2:      layout_rooms
D:3:      layout_loops_ring, grunt_temple_overflow_champion_of_chaos,
          gammafunk_temple_overflow_statue, ebering_ghost_sewer_d, uniq_robin

Skill      XL: |  1  2  3 |
---------------+----------+-----
Axes           | 3 4 |  4.3
Fighting       | 4 |  4.0
Armour         | |  3.7
Dodging        | |  0.9
Shields        | |  3.7

Action                   |  1- 3 |  4- 6 || total
-------------------------+-------+-------++-------
Melee: War axe           |   128 |    10 ||   138
  Use: Potion            |       |     1 ||     1
Armor: Scale mail        |    25 |       ||    25
       Chain mail        |    71 |     9 ||    80
Dodge: Dodged            |    42 |     8 ||    50
Block: Kite shield       |    88 |    10 ||    98
